 Dungeon Crawl Stone Soup version 0.18-b1-14-g029dad2 (webtiles) character file.

92 Alarkh the Grave Robber (level 4, 0/30 HPs)
             Began as a Mummy Necromancer on Apr 30, 2016.
             Was an Initiate of Okawaru.
             Slain by an orc warrior
             ... wielding a +0 scimitar
              (12 damage)
             ... on level 3 of the Dungeon.
             The game lasted 00:04:27 (2358 turns).

Alarkh the Grave Robber (Mummy Necromancer)         Turns: 2358, Time: 00:04:27

Health: 0/30       AC:  2    Str: 15    XL:     4   Next: 35%
Magic:  4/8        EV:  7    Int: 15    God:    Okawaru [......]
Gold:   124        SH:  0    Dex: 12    Spells: 1 memorised, 8 levels left

rFire  x . .     SeeInvis .     c - +0 short sword
rCold  + . .     Gourm    .     a - +0 robe
rNeg   + + +     Faith    .     (no shield)
rPois  ∞         Spirit   .     (no helmet)
rElec  .         Dismiss  .     (no cloak)
rCorr  .         Reflect  .     (no gloves)
SustAt .         Harm     .     (no boots)
MR     .....                    (no amulet)
Stlth  ++........               (no ring)
                                i - +4 ring of strength

@: not resistant to hostile enchantments, unstealthy
A: no food or potions, fire vulnerability, cold resistance 1, negative energy
resistance 3, torment resistance, unbreathing
a: Renounce Religion


You were on level 3 of the Dungeon.
You worshipped Okawaru.
Okawaru was noncommittal.
You were not hungry.

You visited 1 branch of the dungeon, and saw 3 of its levels.

You collected 124 gold pieces.

Inventory:

Hand Weapons
 c - a +0 short sword (weapon)
Armour
 a - a +0 robe (worn)
Jewellery
 i - a +4 ring of strength (left hand)
Scrolls
 d - a scroll of amnesia
 e - a scroll of recharging
 f - a scroll of enchant armour
 g - 2 scrolls of magic mapping {unknown}
 h - a scroll of fog {unknown}
Books
 b - a book of Necromancy

   Spells                             Type                      Level
   a - Pain                           Necromancy                   1
   b - Animate Skeleton               Necromancy                   1
   c - Vampiric Draining              Necromancy                   3
   d - Regeneration                   Charms/Necromancy            3
   e - Animate Dead                   Necromancy                   4
   f - Control Undead                 Necromancy                   4


   Skills:
 - Level 1.5 Dodging
 - Level 1.5 Stealth
 + Level 3.2 Spellcasting
 + Level 5.1 Necromancy


You had 8 spell levels left.
You knew the following spells:

 Your Spells              Type           Power        Failure   Level  Hunger
a - Pain                  Necr           ###.         2%          1    N/A

Dungeon Overview and Level Annotations

Branches:
Dungeon (3/15)

Altars:
Okawaru


Innate Abilities, Weirdness & Mutations

You do not eat or drink.
Your flesh is vulnerable to fire.
You are immune to poison.
Your flesh is cold resistant.
You are immune to negative energy.
You are immune to unholy pain and torment.
You can survive without breathing.


Message History

The orc warrior convulses in agony!
Casting: Pain
Confirm with . or Enter, or press ? or * to list all spells.
Aiming: Pain
Press: ? - help, Shift-Dir - straight line, f/p - orc warrior
Aim: an orc warrior, wielding a scimitar and wearing a plate armour (heavily wounded, chance to defeat MR: 76%)
The orc warrior convulses in agony!
The orc warrior barely misses you.
Casting: Pain
Confirm with . or Enter, or press ? or * to list all spells.
Aiming: Pain
Press: ? - help, Shift-Dir - straight line, f/p - orc warrior
Aim: an orc warrior, wielding a scimitar and wearing a plate armour (heavily wounded, chance to defeat MR: 76%)
The orc warrior barely resists.
The orc warrior barely misses you.
Found a scroll labeled IBBUCA RUONALI.
Found 22 stones.
You hear the slow rusting of a drain.
The orc warrior misses you.
There is a stone staircase leading up here.
The orc warrior hits you with a scimitar!
You die...

##### #...# #.<.#
####...### #........#
###
##.##.....#######..#
##..##..............#
#...........###o@...#
#...............#####
#..............##
................#
.....#..........#
.......###.#....#
.#.<.### #.).)<.##
......# ##.......##
.......##...##.#..####


You could see an orc warrior.

Vanquished Creatures
  An adder (D:2)
  3 worms (D:2)
  2 dart slugs (D:1)
  3 giant geckos
  3 orcs
  3 ball pythons
  4 bats
  4 giant cockroaches
  5 goblins
  9 hobgoblins
  5 jackals (D:1)
  8 kobolds
  8 rats
  2 toadstools (D:1)
60 creatures vanquished.

Vanquished Creatures (others)
  2 toadstools (D:1)
2 creatures vanquished.

Grand Total: 62 creatures vanquished

Notes
Turn   | Place    | Note
--------------------------------------------------------------
     0 | D:1      | Alarkh the Mummy Necromancer began the quest for the Orb.
     0 | D:1      | Reached XP level 1. HP: 13/13 MP: 3/3
   242 | D:1      | Reached XP level 2. HP: 9/19 MP: 1/5
   778 | D:1      | Reached XP level 3. HP: 23/24 MP: 0/6
  2035 | D:2      | Reached skill level 5 in Necromancy
  2035 | D:2      | Reached XP level 4. HP: 24/30 MP: 0/8
  2207 | D:3      | Found an iron altar of Okawaru.
  2216 | D:3      | Became a worshipper of Warmaster Okawaru
  2225 | D:3      | Noticed an orc warrior
  2358 | D:3      | Slain by an orc warrior

Skill      XL: |  1  2  3 |
---------------+----------+-----
Spellcasting   | 3 |  3.2
Necromancy     | 5 |  5.1
Dodging        | |  1.5
Stealth        | |  1.5

Action                   |  1- 3 |  4- 6 || total
-------------------------+-------+-------++-------
Melee: Unarmed           |    17 |       ||    17
       Short sword       |    30 |     5 ||    35
 Cast: Pain              |   104 |    27 ||   131
  Use: Scroll            |     2 |     1 ||     3
Armor: Robe              |    14 |       ||    14
Dodge: Dodged            |    70 |     8 ||    78
